 Dungeon Crawl Stone Soup version 0.19.1-1-g22dce08 (webtiles) character file.

107 Alarkh the Chopper (level 4, 0/35 HPs)
             Began as a Demonspawn Monk on Jan 5, 2017.
             Slain by a gnoll
             ... wielding a +0 spear
              (5 damage)
             ... on level 3 of the Dungeon.
             The game lasted 00:02:27 (2905 turns).

Alarkh the Chopper (Demonspawn Monk)                Turns: 2905, Time: 00:02:27

Health: 0/35       AC:  3    Str: 11    XL:     4   Next: 56%
Magic:  4/4        EV: 13    Int: 13    God:
Gold:   157        SH:  0    Dex: 15    Spells: 0 memorised, 3 levels left

rFire  . . .     SeeInvis .     p - +0 war axe
rCold  . . .     Gourm    .     b - +0 robe
rNeg   . . .     Faith    .     (no shield)
rPois  .         Spirit   .     (no helmet)
rElec  .         Reflect  +     (no cloak)
rCorr  .         Harm     .     (no gloves)
MR     .....                    v - +0 pair of boots
Stlth  +.........               g - +2 amulet of reflection
                                (no ring)
                                (no ring)

@: confused
A: hooves 1, powered by death 1
a: no special abilities


You were on level 3 of the Dungeon.
You were hungry.

You visited 1 branch of the dungeon, and saw 3 of its levels.

You collected 157 gold pieces.

Inventory:

Hand Weapons
 a - a +0 hand axe
 p - a +0 war axe (weapon)
Armour
 b - a +0 robe (worn)
 v - a +0 pair of boots (worn)
Jewellery
 f - an uncursed amulet of rage
 g - a +2 amulet of reflection (around neck)
 w - an uncursed ring of poison resistance {unknown}
Scrolls
 d - 2 scrolls of teleportation {unknown}
 e - a scroll of amnesia {unknown}
 i - 4 scrolls of random uselessness {unknown}
 j - a scroll of blinking {unknown}
 l - a scroll of fog {unknown}
 n - a scroll of identify {unknown}
Potions
 q - a potion of might {unknown}
 r - a potion of curing {unknown}
 s - a potion of brilliance {unknown}
Comestibles
 c - a bread ration
 h - 3 meat rations
 m - a slice of pizza
 t - 5 fruits


   Skills:
 - Level 3.0 Fighting
 + Level 4.9 Axes
 - Level 2.6 Dodging
 - Level 1.7 Stealth


You had 3 spell levels left.
You didn't know any spells.

Dungeon Overview and Level Annotations

Branches:
Dungeon (3/15)

Altars:

Annotations:
D:3 1 exclusion


Innate Abilities, Weirdness & Mutations

You have large cloven feet.
You regenerate a little health from kills.


Message History

You barely miss the gnoll.
The gnoll is severely wounded.
You closely miss the gnoll. You hit the jackal.
You kill the jackal!
The gnoll splashes around in the water.
The gnoll hits you with a flail!
You hit the gnoll.
The gnoll is almost dead.
You hit the gnoll but do no damage. The gnoll hits you with a spear.
The gnoll closely misses you. The gnoll hits you with a spear.
You hit the gnoll but do no damage.
The gnoll is almost dead.
You hit the gnoll. You slash the gnoll! The gnoll hits you with a flail!
* * * LOW HITPOINT WARNING * * *
You block the gnoll's attack. The gnoll barely misses you.
Unknown command.
You are confused.
You feel invigorated. The gnoll closely misses you. The gnoll hits you.
* * * LOW HITPOINT WARNING * * *
The gnoll hits you with a spear.
You die...

#.≈≈≈..P.#.### ..#
#.≈≈≈....#....
..#'###≈≈....#####
###########'#...#≈≈P...#
............#gg.#≈≈....#
≈≈≈≈≈≈≈≈≈≈≈≈#####≈≈....#
≈≈≈≈≈≈≈≈≈≈≈≈≈≈≈≈≈≈≈....#
≈≈≈≈≈≈≈≈≈≈ggg≈≈≈≈≈≈....#
....P.†....@......P....#
......P.†..............#
########################


You could see 4 gnolls.

Vanquished Creatures
  A worker ant (D:3)
  An adder (D:3)
  An ooze (D:2)
  A dart slug (D:2)
  6 orcs (D:3)
  3 giant cockroaches
  5 goblins
  4 hobgoblins
  8 jackals (D:3)
  6 kobolds
  3 quokkas
  8 bats
  A frilled lizard (D:3)
  A quokka zombie (D:3)
  10 rats
59 creatures vanquished.

Notes
Turn   | Place    | Note
-------+----------+-------------------------------------------
     0 | D:1      | Alarkh the Demonspawn Monk began the quest for the Orb.
     0 | D:1      | Reached XP level 1. HP: 18/18 MP: 1/1
   133 | D:1      | Reached skill level 3 in Axes
   391 | D:1      | Gained mutation: You regenerate a little health from kills. [demonic ancestry]
   391 | D:1      | Reached XP level 2. HP: 16/24 MP: 2/2
  1505 | D:2      | Gained mutation: You have large cloven feet. [demonic ancestry]
  1505 | D:2      | Reached XP level 3. HP: 25/29 MP: 3/3
  2022 | D:3      | Reached skill level 4 in Axes
  2365 | D:3      | Reached XP level 4. HP: 35/35 MP: 4/4
  2905 | D:3      | Slain by a gnoll

Skill      XL: |  1  2  3 |
---------------+----------+-----
Axes           | 3 4 |  4.9
Fighting       | |  3.0
Dodging        | |  2.6
Stealth        | |  1.7

Action                   |  1- 3 |  4- 6 || total
-------------------------+-------+-------++-------
Melee: Hand axe          |   142 |       ||   142
       War axe           |    16 |    46 ||    62
  Use: Potion            |     1 |     2 ||     3
 Stab: Sleeping          |     5 |       ||     5
  Eat: Chunk             |     5 |     1 ||     6
Armor: Robe              |    35 |    14 ||    49
Dodge: Dodged            |   125 |    63 ||   188
Block: Other             |     5 |     6 ||    11
